 Dungeon Crawl Stone Soup version 0.28.0-53-g5a82cb258f (webtiles) character file.

Game seed: 3134560427859187699

27080 infcreate the Unseen (level 13, 63/63 HPs)
             Began as a Vampire Enchanter on Aug 6, 2022.
             Was a High Priest of Dithmenos.
             Quit the game in a Gauntlet.
             The game lasted 00:52:05 (22600 turns).

infcreate the Unseen (Vampire Enchanter)           Turns: 22600, Time: 00:52:06

Health: 63/63      AC: 11    Str:  7    XL:     13   Next: 2%
Magic:  26/26      EV: 35    Int: 23    God:    Dithmenos [*****.]
Gold:   1312       SH:  0    Dex: 20    Spells: 20/31 levels left

rFire   + . .      SeeInvis +   L - +4 dagger (elec)
rCold   + + .      Faith    .   (no shield)
rNeg    + + +      Spirit   .   G - +1 steam dragon scales
rPois   ∞          Reflect  .   l - +2 hat
rElec   .          Harm     .   y - +0 cloak
rCorr   .          Rampage  .   u - +1 pair of gloves
Will    +....      NoTele   +   (no boots) Stlth ****++++++
                                n - amulet of the acrobat
HPRegen 0.20/turn               F - ring of protection from fire
MPRegen 0.20/turn               I - +6 ring of intelligence

@: acrobatic, bloodless, wreathed by umbra
A: bloodless, fangs 3, see invisible, vampiric 2
a: Bat Form, Revivify, Renounce Religion, Shadow Step, Shadow Form


You were in a Gauntlet.
You worshipped Dithmenos.
Dithmenos was extremely pleased with you.
You visited 4 branches of the dungeon, and saw 15 of its levels.
You also visited: Gauntlet.

You collected 2040 gold pieces.
You spent 728 gold pieces at shops.


Innate Abilities, Weirdness & Mutations

You do not regenerate when monsters are visible.
You are frail without blood (-20% HP).
You can heal yourself when you bite living creatures.
You are immune to poison.
You have razor-sharp teeth.
You have supernaturally acute eyesight. (SInv)
You are afflicted with vampirism and can become a bat while bloodless.


   Skills:
 + Level 11.0 Short Blades
 + Level 11.2 Dodging
 + Level 15.7 Stealth
 + Level 9.5 Spellcasting
 + Level 14.6 Hexes


You had 20 spell levels left.
You knew the following spells:

 Your Spells              Type           Power      Damage    Failure   Level
c - Confusing Touch       Hex            68%        N/A       1%          3
d - Tukima's Dance        Hex            68%        N/A       1%          3
e - Ensorcelled Hibernat  Hex/Ice        88%        N/A       1%          2
f - Dazzling Flash        Conj/Hex       88%        N/A       1%          3

Your spell library contained the following spells:

 Spells                   Type           Power      Damage    Failure   Level
 Pain                     Necr           40%        1d6       6%          1
 Frozen Ramparts          Ice            20%        1d4       19%         3
 Ice Form                 Ice/Tmut       10%        N/A       52%         4
 Summon Ice Beast         Ice/Summ       10%        N/A       52%         4
 Agony                    Necr           10%        N/A       86%         5
 Excruciating Wounds      Necr           5%         N/A       86%         5
 Iskenderun's Battlesphe  Conj           10%        2d6       86%         5
 Iron Shot                Conj/Erth      5%         9d2       100%        6
 Spellforged Servitor     Conj/Summ      5%         N/A       100%        7
 Chain Lightning          Conj/Air       5%         3d6       100%        9
 Fire Storm               Conj/Fire      5%         8d1       100%        9
 Shatter                  Erth           5%         3d8*      100%        9

Inventory:

Hand Weapons
 a - a +1 dagger
 J - a +5 short sword
 L - a +4 dagger of electrocution (weapon)
Missiles
 d - 385 stones (quivered)
Armour
 l - a +2 hat (worn)
 u - a +1 pair of gloves (worn)
 y - a +0 cloak (worn)
 G - +1 steam dragon scales (worn)
 O - a scarf of harm
 S - a +0 robe of resistance
Magical Staves
 E - a staff of fire {!a}
 Q - a staff of cold {!a}
Jewellery
 c - the ring of Jypn {Fly Will- MP+9 Str+3}
   (You found it in a Gauntlet)

   [ring of flight]

   Str:       It affects your strength (+3).
   MP:        It affects your magic capacity (+9).
   Fly:       It grants you flight.
   Will:      It decreases your willpower.
 n - an amulet of the acrobat (around neck)
 C - a ring of protection from cold
 F - a ring of protection from fire (left hand)
 I - a +6 ring of intelligence (right hand)
Wands
 f - a wand of mindburst (8)
 h - a wand of iceblast (9)
 k - a wand of digging (15)
 H - a wand of flame (9)
 M - a wand of acid (3)
Scrolls
 g - 5 scrolls of amnesia
 j - 6 scrolls of silence {!r}
 o - 2 scrolls of magic mapping
 q - a scroll of immolation
 x - a scroll of blinking
 A - 2 scrolls of teleportation {@r2}
 D - a scroll of vulnerability
Potions
 b - 2 potions of invisibility
 i - a potion of cancellation {unknown}
 m - a potion of magic {unknown}
 p - 2 potions of curing {@q1}
 r - a potion of attraction {unknown}
 s - 4 potions of heal wounds {@q2}
 t - a potion of might {unknown}
 v - a potion of lignification {unknown}
 z - 2 potions of haste {@q3}
 B - a potion of berserk rage {!q}
 K - a potion of mutation {unknown}
 P - a potion of ambrosia {unknown}
 R - a potion of degeneration {unknown}

Dungeon Overview and Level Annotations

Branches:
Dungeon (11/15)            Temple (1/1) D:4            Lair (1/6) D:8
    Orc (2/2) D:9             Elf (0/3) Orc:2       Gauntlet (1/1)

Altars:
Ashenzari
Cheibriados
Dithmenos
Elyvilon
Fedhas
Gozag
Hepliaklqana
Kikubaaqudgha
Makhleb
Nemelex Xobeh
Okawaru
Qazlal
Ru
Sif Muna
Trog
Uskayaw
Vehumet
Wu Jian
Xom
Yredelemnul
Zin
The Shining One
Beogh

Shops:
D:2 ?   Orc:2 *[:(

Annotations:
Gauntlet 8 transporters

...▒..▒.........▒..▒..#......▒..▒
..©▒..▒▒▒▒▒▒▒▒▒▒▒..▒▒▒▒▒▒▒▒▒▒▒..▒
...▒.............................
...▒.∩...........................
..©▒..▒▒▒▒▒▒▒▒▒..▒▒▒▒▒▒▒▒▒..▒▒▒▒▒
...▒..▒hb....h▒..▒..8#8..▒..▒....
.▓▒▒..▒h▒.▒.⌠h▒..▒!..8...▒..▒..▒.
. ▒≈..▒h.....h▒▒▒▒..8.8.8▒▒▒▒[.▒.
▒▒..▒©░.©.8b▒©@▒g8.©.8#▒©©▒©.▒©
▒≈..▒.....bh▒▒▒▒x.8.8.8▒▒▒▒..▒.
▒▒..▒=▓.#.8b▒..▒[..8..§▒..▒..▒.
▒≈..▒.......▒..▒..8#8.§▒..▒....
▒▒..▒▒▒▒▒▒▒▒▒..▒▒▒▒▒▒▒▒▒..▒▒▒▒▒
▒≈.............................
▒▒.§......§....................
▒§▒≈▒≈▒≈▒≈▒≈▒≈▒≈▒≈▒≈▒≈▒≈▒≈▒§▒≈
▒▒▒▒▒▒▒▒▒▒▒▒▒▒▒▒▒▒▒▒▒▒▒▒▒▒▒▒▒▒


You could see a hell hog, a worldbinder, 3 hell hounds, 3 fire bats and a
boggart.


Message History

Unknown command.
Casting: Confusing Touch (safe; 1% risk of failure)
Confirm with . or Enter, or press ? or * to list all spells.
Your hands begin to glow red.
The hell hound barks! x2; The hell hog squeals angrily.
The hell hound barks!
The boggart misses you.
You hit the boggart but do no damage.
The boggart appears confused.
The boggart completely misses you.
You strike the helpless boggart from behind!
You bite the boggart, and draw its blood!
You feel better.
You stick the boggart like a pincushion!!!
You kill the boggart!
Dithmenos accepts your kill.
The eye of devastation dissolves into shadows!
You start resting.
The naga warrior disappears in a puff of smoke!
The hell hound pauses to sniff the ground.
The naga warrior disappears in a puff of smoke!
The hell hound pauses to sniff the ground.
Magic restored.
The hell hound stops to sniff the ground.
The hell hound pauses to sniff the ground.
The hell hound stops to sniff the ground.
The smoke demon dissolves into shadows!
The raiju dissolves into shadows! x2
The hell hound stops to sniff the ground. x3
The hell hound pauses to sniff the ground.
The hell hound stops to sniff the ground.
HP restored.
Are you sure you want to abandon this character and quit the game? (Confirm with "yes".)

Skill      XL: |  1  2  3  4  5  6  7  8  9 10 11 12 |
---------------+-------------------------------------+-----
Stealth        | 5 6 7 9 10 12 14 15 | 15.7
Hexes          | 5 6 7 8 10 11 13 14 | 14.6
Short Blades   | 2 3 4 5 7 8 9 11 | 11.0
Dodging        | 3 4 5 6 7 8 10 11 | 11.2
Spellcasting   | 3 4 5 6 7 8 9 |  9.5

Action                   |  1- 3 |  4- 6 |  7- 9 | 10-12 | 13-15 || total
-------------------------+-------+-------+-------+-------+-------++-------
Melee: Dagger            |    79 |   130 |   258 |   668 |    11 ||  1146
       Bite              |     6 |    16 |    38 |    98 |     1 ||   159
       Punch             |       |     4 |     8 |    19 |       ||    31
       Short sword       |       |       |       |    35 |       ||    35
Throw: Stone             |     2 |       |     1 |     1 |       ||     4
 Cast: Ensorcelled Hiber |    19 |    12 |    21 |    32 |       ||    84
       Confusing Touch   |     2 |    21 |    47 |   187 |     3 ||   260
       Tukima's Dance    |       |     4 |     5 |   128 |       ||   137
       Dazzling Flash    |       |       |       |     7 |       ||     7
 Abil: Exsanguinate      |     1 |       |       |       |       ||     1
  Use: Scroll            |       |     6 |       |     7 |    11 ||    24
       Potion            |       |       |     1 |       |       ||     1
 Stab: Sleeping          |    21 |    13 |    23 |    33 |       ||    90
       Confused          |     1 |    13 |    35 |   128 |     3 ||   180
       Invisible         |       |       |       |     1 |       ||     1
Armor: Robe              |    16 |    19 |    18 |       |       ||    53
       Steam dragon scal |       |       |       |    85 |     3 ||    88
Dodge: Dodged            |    41 |    55 |   146 |   345 |    15 ||   602

Levels and vault maps discovered:
D:1:      lemuel_arrival_broad_hall, layout_basic,
          dreamdust_ecumenical_altar_hidden_monk_grotto, serial_curves,
          eino_curves_04, eino_curves_04
D:2:      layout_loops_ring, serial_shops, nicolae_shop_trees,
          minmay_misc_feat_alley
D:3:      layout_loops_corners, tgw_trog, tgw_kikubaaqudgha,
          grunt_decor_resistance, uniq_robin
D:4:      layout_cave_pods, general_overflow_altar,
          minmay_temple_entry_poolview, minmay_goblin_kobold_house
D:5:      layout_loops_ring, mainiacjoe_overflow_brackets,
          grunt_gozag_breadcrumbs, kb_lookout_dungeons_type,
          uniq_crazy_yiuf_cottage, uniq_sigmund
D:6:      layout_cave_pods, nemelex_spade_bored_becter, xom_butterflies,
          mainiacjoe_overflow_big_doors, kennysheep_diamond,
          nicolae_figureground_pulse
D:7:      layout_basic, chequers_temple_overflow_statue_of_worship,
          fountainhead, palyth_stone_intersect
D:8:      layout_layer_cave, marbit_many_paths, david_lair_generic, uniq_maggie,
          uniq_grum
D:9:      layout_rooms, erik_orc_4
D:10:     layout_roguey, kennysheep_generic_room_15
D:11:     layout_stronghold, minmay_microvault, uniq_snorg
Temple:   dpeg_three_leaves_temple
Lair:1:   layout_layer_cave, gauntlet_entry_generic, roderic_batcave,
          grunt_megastairs_2
Orc:1:    orc_temple, layout_caves
Orc:2:    st_orc_congregation, layout_caves, special_room, bh_open_orc_temple
Gauntlet: minmay_gauntlet_mixed_big_or_small [gammafunk_gauntlet_arena_teeth,
          minmay_gauntlet_arena_77_chump_sandwich, nicolae_gauntlet_swirl,
          minmay_gauntlet_arena_77_terracotta_army,
          gammafunk_gauntlet_arena_hedges, minmay_gauntlet_arena_77_museum,
          nicolae_gauntlet_exit_dead_adventurers]

Notes
Turn   | Place    | Note
-------+----------+-------------------------------------------
     0 | D:1      | infcreate the Vampire Enchanter began the quest for the
                  | Orb.
     0 | D:1      | Reached XP level 1. HP: 13/13 MP: 3/3
   479 | D:1      | Reached XP level 2. HP: 15/15 MP: 5/5
   482 | D:1      | Learned a level 2 spell: Ensorcelled Hibernation
   816 | D:1      | Found a faded altar of an unknown god.
  1076 | D:2      | You fall into a shaft and drop 1 floor!
  1076 | D:3      | Noticed a moth of wrath
  1076 | D:3      | Found a bloodstained altar of Trog.
  1241 | D:3      | Gained mutation: You are afflicted with vampirism and can
                  | become a bat while bloodless. [Vampire growth]
  1241 | D:3      | Reached XP level 3. HP: 19/19 MP: 2/6
  1450 | D:2      | Found Toem's Magic Scroll Shop.
  1460 | D:2      | Bought a scroll of enchant weapon for 75 gold pieces
  1495 | D:2      | Learned a level 3 spell: Confusing Touch
  1509 | D:2      | Reached skill level 5 in Stealth
  1621 | D:2      | Reached skill level 5 in Hexes
  2088 | D:3      | Reached skill level 2 in Short Blades
  2143 | D:3      | Noticed an ogre
  2388 | D:3      | Noticed Robin
  2615 | D:3      | Reached XP level 4. HP: 24/24 MP: 1/7
  2818 | D:3      | Killed Robin
  2819 | D:3      | Reached skill level 3 in Dodging
  3019 | D:3      | Learned a level 3 spell: Tukima's Dance
  3482 | D:3      | Found an ancient bone altar of Kikubaaqudgha.
  3484 | D:3      | Noticed a human
  3485 | D:3      | Killed a human
  4109 | D:3      | Killed an ogre
  4110 | D:3      | Reached XP level 5. HP: 28/28 MP: 7/9
  4221 | D:2      | Bought a scroll of identify for 20 gold pieces
  4221 | D:2      | Bought a scroll of identify for 20 gold pieces
  4221 | D:2      | Bought a scroll of identify for 20 gold pieces
  4221 | D:2      | Bought a scroll of identify for 20 gold pieces
  4336 | D:4      | Noticed an ogre
  4344 | D:4      | Killed an ogre
  4345 | D:4      | Reached skill level 3 in Short Blades
  4345 | D:4      | Reached skill level 6 in Stealth
  4345 | D:4      | Reached skill level 3 in Spellcasting
  4345 | D:4      | Reached XP level 6. HP: 31/32 MP: 1/10
  4349 | D:4      | Learned a level 3 spell: Dazzling Flash
  4468 | D:4      | Reached skill level 6 in Hexes
  4760 | D:4      | Found a staircase to the Ecumenical Temple.
  4783 | Temple   | Entered the Ecumenical Temple
  4868 | Temple   | Became a worshipper of Dithmenos the Shadowed
  5131 | D:4      | Found a snail-covered altar of Cheibriados.
  5253 | D:4      | Reached skill level 4 in Dodging
  5662 | D:5      | Entered Level 5 of the Dungeon
  5773 | D:5      | Reached XP level 7. HP: 36/36 MP: 12/12
  5783 | D:5      | Found an opulent altar of Gozag.
  5804 | D:5      | Noticed Sigmund
  6080 | D:5      | Reached skill level 7 in Stealth
  6164 | D:5      | Reached skill level 4 in Short Blades
  6251 | D:5      | Killed Sigmund
  6252 | D:5      | Reached skill level 4 in Spellcasting
  6252 | D:5      | Reached skill level 7 in Hexes
  6276 | D:5      | Found a hide-covered altar of Uskayaw.
  6549 | D:5      | Found a runed translucent door.
  6550 | D:5      | Noticed Crazy Yiuf
  6638 | D:5      | Killed Crazy Yiuf
  6788 | D:6      | Reached skill level 5 in Dodging
  6788 | D:6      | Reached XP level 8. HP: 41/41 MP: 14/14
  6826 | D:6      | Reached skill level 8 in Stealth
  7467 | D:6      | Found a sparkling altar of Nemelex Xobeh.
  7629 | D:6      | Reached skill level 5 in Short Blades
  7666 | D:6      | Reached skill level 8 in Hexes
  7778 | D:6      | Found a shimmering altar of Xom.
  7978 | D:6      | Found a sacrificial altar of Ru.
  7983 | D:6      | Found an iron altar of Okawaru.
  8258 | D:7      | Reached skill level 9 in Stealth
  8456 | D:7      | Reached skill level 6 in Dodging
  8456 | D:7      | Reached skill level 5 in Spellcasting
  8579 | D:7      | Found a blossoming altar of Fedhas.
  8602 | D:7      | Reached XP level 9. HP: 45/45 MP: 13/16
  9087 | D:7      | Reached * piety under Dithmenos
  9126 | D:7      | Reached skill level 6 in Short Blades
  9128 | D:7      | Reached skill level 9 in Hexes
  9634 | D:8      | Noticed Grum
  9658 | D:7      | Reached skill level 10 in Stealth
  9820 | D:8      | Noticed Maggie
  9854 | D:8      | Reached skill level 7 in Dodging
 10098 | D:8      | Killed Grum
 10099 | D:8      | Reached skill level 6 in Spellcasting
 10099 | D:8      | Reached skill level 10 in Hexes
 10113 | D:8      | HP: 4/45 [wyvern (3)]
 10428 | D:8      | Killed Maggie
 10429 | D:8      | Reached skill level 7 in Short Blades
 10457 | D:8      | Reached XP level 10. HP: 50/50 MP: 12/19
 10508 | D:8      | Reached skill level 11 in Stealth
 10697 | D:8      | Found a broken altar of Ashenzari.
 11047 | D:8      | Found a staircase to the Lair.
 12014 | D:8      | Reached skill level 8 in Dodging
 12094 | D:9      | Reached ** piety under Dithmenos
 12451 | D:9      | Found a staircase to the Orcish Mines.
 12455 | D:9      | Reached skill level 11 in Hexes
 13055 | D:10     | Entered Level 10 of the Dungeon
 13060 | D:10     | Reached skill level 8 in Short Blades
 13136 | D:10     | Reached skill level 12 in Stealth
 13174 | D:10     | Reached skill level 7 in Spellcasting
 14024 | D:11     | Reached XP level 11. HP: 54/54 MP: 21/21
 14051 | D:11     | Noticed a two-headed ogre
 14067 | D:11     | Killed a two-headed ogre
 14301 | D:11     | Reached *** piety under Dithmenos
 14309 | D:11     | Reached skill level 9 in Dodging
 14402 | D:11     | Reached skill level 12 in Hexes
 14523 | D:11     | Noticed Snorg
 14525 | D:11     | Killed Snorg
 14526 | D:11     | Reached skill level 13 in Stealth
 14644 | D:11     | Noticed a five-headed hydra
 14663 | D:11     | Killed a five-headed hydra
 14664 | D:11     | Reached skill level 9 in Short Blades
 15159 | D:11     | Noticed a boulder beetle
 15164 | D:11     | Killed a boulder beetle
 15262 | Orc:1    | Entered Level 1 of the Orcish Mines
 15754 | Orc:2    | Entered Level 2 of the Orcish Mines
 15774 | Orc:2    | Reached skill level 8 in Spellcasting
 15843 | Orc:2    | Found a staircase to the Elven Halls.
 15862 | Orc:2    | Noticed an orc sorcerer
 15893 | Orc:1    | Killed an orc sorcerer
 16620 | Orc:1    | Noticed an orc warlord
 17038 | Orc:1    | Noticed an orc knight
 17045 | Orc:1    | Killed an orc warlord
 17046 | Orc:1    | Reached skill level 14 in Stealth
 17046 | Orc:1    | Reached skill level 13 in Hexes
 17057 | Orc:1    | Killed an orc knight
 17058 | Orc:1    | Reached skill level 10 in Dodging
 17202 | Orc:1    | Noticed an orc sorcerer
 17262 | Orc:2    | Killed an orc sorcerer
 17263 | Orc:2    | Reached XP level 12. HP: 59/59 MP: 18/24
 17351 | Orc:1    | Reached **** piety under Dithmenos
 17530 | Orc:1    | Noticed an orc high priest
 17790 | Orc:1    | Killed an orc high priest
 17901 | Orc:1    | Reached skill level 10 in Short Blades
 19056 | Orc:2    | Noticed an orc high priest
 19057 | Orc:2    | Identified a +0 robe of resistance
 19614 | Orc:2    | Noticed an orc high priest
 19754 | Orc:1    | Killed an orc high priest
 19755 | Orc:1    | Reached skill level 15 in Stealth
 19755 | Orc:1    | Reached skill level 9 in Spellcasting
 19859 | Orc:2    | Reached skill level 14 in Hexes
 20266 | Orc:2    | Reached ***** piety under Dithmenos
 20669 | Orc:2    | Noticed an orc high priest
 20939 | Orc:2    | Killed an orc high priest
 20940 | Orc:2    | Reached skill level 11 in Dodging
 21023 | Orc:2    | Noticed an orc warlord
 21035 | Orc:2    | Killed an orc warlord
 21294 | Orc:2    | Found Biopse's Antique Armour Shop.
 21295 | Orc:2    | Found Xeofacok's Antique Weapon Boutique.
 21297 | Orc:2    | Found Wayguf's General Store.
 21297 | Orc:2    | Found Depotik's Book Shop.
 21503 | Orc:2    | Noticed an orc high priest
 21517 | Orc:2    | Killed an orc high priest
 21858 | Orc:2    | Killed an orc high priest
 21859 | Orc:2    | Reached skill level 11 in Short Blades
 21987 | Orc:2    | Bought a potion of invisibility for 112 gold pieces
 21995 | Orc:2    | Bought an embroidered scarf for 200 gold pieces
 21996 | Orc:2    | Bought a crude scimitar for 261 gold pieces
 21996 | Orc:2    | Identified the +6 scimitar "Xumidgha" {spect, *Corrode
                  | Str-5 Int+7 Dex+8} (You bought it in a shop on level 2 of
                  | the Orcish Mines)
 22108 | Lair:1   | Entered Level 1 of the Lair of Beasts
 22152 | Lair:1   | Noticed a five-headed hydra
 22172 | Lair:1   | Reached XP level 13. HP: 63/63 MP: 22/26
 22188 | Lair:1   | Found a gate leading to a gauntlet.
 22213 | Gauntlet | Entered a Gauntlet
 22213 | Gauntlet | Found a transporter.
 22213 | Gauntlet | Found a transporter.
 22213 | Gauntlet | Found a transporter.
 22226 | Gauntlet | Found a transporter.
 22226 | Gauntlet | Found a transporter.
 22234 | Gauntlet | Found a transporter.
 22237 | Gauntlet | Found a transporter.
 22245 | Gauntlet | Found a transporter.
 22263 | Gauntlet | Found a transporter.
 22264 | Gauntlet | Noticed a quicksilver ooze
 22280 | Gauntlet | Found a transporter.
 22283 | Gauntlet | Found a transporter.
 22293 | Gauntlet | Found a transporter.
 22408 | Gauntlet | Identified the ring of Jypn {Fly Will- MP+9 Str+3}
 22600 | Gauntlet | Quit the game

Vanquished Creatures
  2 orc warlords
  Snorg (D:11)
  A hydra (D:11)
  A boulder beetle (D:11)
  A two-headed ogre (D:11)
  4 orc high priests
  5 orc knights
  6 orc sorcerers
  A cyclops (D:11)
  A centaur zombie (D:10)
  A cane toad (Lair:1)
  2 kobold demonologists
  Maggie (D:8)
  A komodo dragon (Lair:1)
  An ice devil (Gauntlet)
  A troll (Orc:1)
  2 hornets
  A culicivora (shapeshifter) (D:11)
  7 yaks
  Sigmund (D:5)
  A shadow (D:11)
  Grum (D:8)
  2 wyverns (D:8)
  A basilisk (D:8)
  2 wargs
  3 vampire mosquitoes (D:11)
  An acid dragon (D:10)
  A water moccasin (D:9)
  39 orc warriors
  4 ice beasts
  2 black bears
  4 ogres
  4 wolves
  A boggart (Gauntlet)
  2 necrophages
  A phantom (D:6)
  8 centaurs
  A kobold brigand (D:9)
  A gnoll sergeant (D:9)
  2 bullfrogs
  2 scorpions
  A water moccasin zombie (D:6)
  16 killer bees
  2 wights (D:8)
  9 howler monkeys
  3 electric eels
  2 bullfrog zombies
  A hound (D:7)
  3 jellies
  23 orc priests
  Crazy Yiuf (D:5)
  A bullfrog skeleton (D:5)
  3 iguanas
  20 orc wizards
  A killer bee zombie (D:7)
  A hound skeleton (D:2)
  A howler monkey zombie (D:7)
  Robin (D:3)
  2 gnolls
  4 adders
  2 white imps (D:8)
  4 worms (D:3)
  A dart slug (D:1)
  51 orcs
  3 ball pythons
  4 bats
  5 endoplasms
  3 giant cockroaches
  12 goblins
  11 hobgoblins
  3 jackals (D:3)
  2 quokkas
  A frilled lizard (D:1)
  7 kobolds
  A rat (D:3)
329 creatures vanquished.

Vanquished Creatures (collateral kills)
  An orc high priest (Orc:2)
  5 orc warriors
  2 wights (D:8)
  2 orc priests
  3 orc wizards
  2 gnolls (D:9)
  3 white imps (Gauntlet)
  10 orcs
28 creatures vanquished.

Vanquished Creatures (others)
  22 dancing weapons
  A human (D:3)
  A bush (D:5)
  4 demonic plants (Gauntlet)
  3 fungi (Gauntlet)
  15 plants
46 creatures vanquished.

Grand Total: 403 creatures vanquished

Table legend: (Time is in decaauts)
 A = Elapsed time spent in this place.
 B = Non-inter-level travel time spent in this place.
 C = Inter-level travel time spent in this place.
 D = Time resting spent in this place.
 E = Time spent auto-exploring this place.
 F = Levels seen in this place.
 G = Mean time per level.
                   A        B        C        D        E       F      G
               +--------+--------+--------+--------+--------+-----+--------+
         Total |  22209 |  20365 |   1844 |   3593 |  12445 |  16 | 1388.1 |
       Dungeon |  15036 |  13788 |   1248 |   1327 |   9881 |  11 | 1366.9 |
        Temple |     93 |     67 |     26 |      0 |     58 |   1 |   93.0 |
          Lair |    103 |     96 |      7 |      0 |      0 |   1 |  103.0 |
  Orcish Mines |   6594 |   6031 |    563 |   2096 |   2388 |   2 | 3297.0 |
      Gauntlet |    381 |    381 |      0 |    170 |    118 |   1 |  381.0 |
               +--------+--------+--------+--------+--------+-----+--------+

Top non-repeatable levels by time:
   Orc:1: 3722 daAuts
   Orc:2: 2871 daAuts
     D:3: 2337 daAuts
     D:8: 2112 daAuts
     D:7: 1772 daAuts
    D:11: 1347 daAuts
     D:6: 1339 daAuts
     D:4: 1292 daAuts
     D:9: 1089 daAuts
     D:2: 1075 daAuts
     D:5: 1033 daAuts
     D:1: 840 daAuts
    D:10: 796 daAuts
Gauntlet: 381 daAuts
  Lair:1: 103 daAuts

Table legend:
 A = Non-vault XP
 B = Vault XP
 C = Vault XP percentage of total XP
 D = Non-vault monster count
 E = Vault monster count
 F = Vault count percentage of total count
                 A         B        C        D         E       F
            +---------+---------+-------+---------+---------+-------
      Total |   15738 |   22948 |  59.3 |     191 |     166 |  46.5
            +---------+---------+-------+---------+---------+-------
        D:1 |      16 |       0 |   0.0 |       8 |       0 |   0.0
        D:2 |      37 |       0 |   0.0 |      11 |       0 |   0.0
        D:3 |     170 |      54 |  24.1 |      16 |      15 |  48.4
        D:4 |     388 |      14 |   3.5 |      12 |       7 |  36.8
        D:5 |     249 |     367 |  59.6 |       6 |       3 |  33.3
        D:6 |     917 |      48 |   5.0 |      12 |       2 |  14.3
        D:7 |    1062 |     238 |  18.3 |      20 |       2 |   9.1
        D:8 |    1878 |    1669 |  47.1 |      27 |      10 |  27.0
        D:9 |    1151 |     455 |  28.3 |      19 |      14 |  42.4
       D:10 |     982 |       0 |   0.0 |      10 |       0 |   0.0
       D:11 |    5882 |    1155 |  16.4 |      20 |       2 |   9.1
     Lair:1 |     786 |       0 |   0.0 |       2 |       0 |   0.0
      Orc:1 |    1921 |    8023 |  80.7 |      23 |      37 |  61.7
      Orc:2 |     299 |   10443 |  97.2 |       5 |      69 |  93.2
   Gauntlet |       0 |     482 | 100.0 |       0 |       5 | 100.0
            +---------+---------+-------+---------+---------+-------
